Mustangs vs Little Stars
(R1)
Created - 1 mars 2017 at 19:34
Goals
|
| Mustangs |
1 |
2 |
0 |
3 |
| Little Stars |
3 |
2 |
0 |
5 |
|
Shots
|
| Mustangs |
13 |
12 |
6 |
31 |
| Little Stars |
8 |
22 |
9 |
39 |
|
1st period
1. Mustangs , J.T. Wyman 13 (Rick Schofield, Mark Pysyk) at 1:44
2. Little Stars , Sean Avery 30 (Alex Chiasson, Dana Tyrell) at 2:21
3. Little Stars , Sean Avery 31 (Niklas Hjalmarsson) at 6:30 (PP)
4. Little Stars , Marcus Johansson 31 (Tyson Barrie) at 15:28
Penalties :
Riley Armstrong (Ham) for Hooking (Minor) at 6:16, Rick Schofield (Ham) for High sticking (Double Minor) at 7:44
2nd period
5. Little Stars , Marcus Johansson 32 (Brian Flynn, Niklas Hjalmarsson) at 7:31 (PP)
6. Mustangs , Eric Wellwood 24 (Riley Armstrong) at 9:54 (PP)
7. Mustangs , Reilly Smith 26 (Eric Wellwood, Riley Armstrong) at 12:26
8. Little Stars , Niklas Hjalmarsson 8 (Alex Chiasson, Mathieu Roy) at 12:40
Penalties :
Riley Armstrong (Ham) for Hooking (Minor) at 6:59, Dana Tyrell (Tex) for Hooking (Minor) at 9:52
3rd period
No Goal
Penalties :
No Penalty
Goalie Stats
Peter Mannino (Ham), 21 saves from 22 shots - (0,955), 32:29 minutes
Chet Pickard (Ham), 13 saves from 17 shots - (0,765), L, 5-7-1, 27:31 minutes
Peter Budaj (Tex), 28 saves from 31 shots - (0,903), W, 14-11-5, 60:00 minutes
Players Stats for Mustangs
Player Name G A P +/- PIM S H SB GA TA FO MP PP MP PK MP
------------------------------------------------------------------------------------
Alexei Marchenko 0 0 0 -1 0 1 1 1 2 0 0/0 13:47 0:00 0:36
Ben Eager 0 0 0 0 0 2 0 3 0 0 0/1 16:40 0:00 0:45
Brandon Saad 0 0 0 0 0 2 1 0 0 0 0/0 11:41 0:00 0:00
Cameron Gaunce 0 0 0 -1 0 1 2 2 2 1 0/0 24:55 0:02 2:27
Denis Bodrov 0 0 0 1 0 0 1 2 1 0 0/0 21:18 0:00 1:42
Eric Gryba 0 0 0 -1 0 2 1 1 1 1 0/0 24:55 0:02 2:27
Eric Wellwood 1 1 2 0 0 2 1 0 0 0 0/0 20:35 0:02 2:21
Francis Paré 0 0 0 -1 0 4 0 0 0 0 0/0 9:43 0:00 0:00
J.T. Wyman 1 0 1 0 0 1 3 0 0 0 0/1 17:12 0:00 1:39
Jerome Samson 0 0 0 0 0 1 3 0 0 0 0/0 12:01 0:00 0:00
Jim O'Brien 0 0 0 0 0 2 2 0 0 0 1/5 13:59 0:00 2:00
Joshua Leivo 0 0 0 -1 0 1 0 0 0 0 0/0 9:43 0:00 0:00
Mark Pysyk 0 1 1 1 0 2 1 0 0 0 0/0 21:18 0:00 1:42
Reilly Smith 1 0 1 0 0 5 0 0 1 0 1/3 18:14 0:02 0:00
Rick Schofield 0 1 1 0 4 0 2 0 0 0 6/10 15:02 0:00 0:00
Riley Armstrong 0 2 2 0 4 5 1 0 0 0 16/34 19:44 0:02 1:32
Riley Nash 0 0 0 -1 0 0 2 1 0 0 4/6 10:38 0:00 1:13
Scott Mayfield 0 0 0 -1 0 0 1 0 0 0 0/0 13:47 0:00 0:36
Players Stats for Little Stars
Player Name G A P +/- PIM S H SB GA TA FO MP PP MP PK MP
------------------------------------------------------------------------------------
Alex Chiasson 0 2 2 1 0 3 2 0 0 0 2/3 20:27 2:09 0:02
Alexander Vasyunov 0 0 0 0 0 3 2 0 0 2 0/0 10:05 0:39 0:00
Andrej Nestrasil 0 0 0 -1 0 0 2 0 0 1 3/7 12:25 0:00 0:00
Brian Flynn 0 1 1 1 0 2 1 0 1 0 6/12 16:44 1:38 0:00
Conor Allen 0 0 0 -1 0 2 2 5 0 1 0/0 21:06 0:43 0:00
Dana Tyrell 0 1 1 1 2 1 1 1 0 0 17/27 20:24 2:12 0:00
Danny DeKeiser 0 0 0 0 0 0 0 0 0 0 0/0 0:33 0:00 0:00
Hugh Jessiman 0 0 0 1 0 3 2 0 0 0 0/1 16:44 1:38 0:00
James Livingstone 0 0 0 0 0 0 1 0 0 0 0/0 9:26 0:00 0:00
Jesse Joensuu 0 0 0 -1 0 2 2 0 0 0 1/2 13:04 0:39 0:00
Marcus Johansson 2 0 2 1 0 4 7 0 1 1 0/0 17:05 1:40 0:00
Mathieu Roy 0 1 1 2 0 4 1 1 0 1 0/0 27:59 2:32 0:02
Niklas Hjalmarsson 1 2 3 2 0 3 1 0 0 0 0/0 22:07 2:32 0:02
Oscar Lindberg 0 0 0 0 0 0 0 0 0 0 0/0 2:25 0:47 0:00
Raphael Diaz 0 0 0 0 0 1 3 2 0 0 0/0 20:36 1:36 0:00
Sean Avery 2 0 2 1 0 5 5 1 0 0 1/5 20:25 2:07 0:02
T.J. Tynan 0 0 0 0 0 0 2 0 0 0 2/3 10:04 0:33 0:00
Tyler Randell 0 0 0 -1 0 1 2 1 0 0 0/0 14:43 0:46 0:00
Tyson Barrie 0 1 1 -1 0 5 2 2 0 1 0/0 23:35 1:34 0:00
3 Stars
1 - Marcus Johansson (Tex)
2 - Sean Avery (Tex)
3 - Niklas Hjalmarsson (Tex)
Power Play
Mustangs - 1 on 1 Attempt(s) - 100,00%
Little Stars - 2 on 4 Attempt(s) - 50,00%
Penalty Kill
Mustangs - 2 on 4 Attempt(s) - 50,00%
- Score 0 goal in Penalty Kill
Little Stars - 0 on 1 Attempt(s) - 0,00%
- Score 0 goal in Penalty Kill
Team Stat
Mustangs - Hits : 22 - Faceoff Wins : 28 - Blocked Shots : 10 - Penalty Minutes : 8
Little Stars - Hits : 38 - Faceoff Wins : 32 - Blocked Shots : 13 - Penalty Minutes : 2
Official
Referees : Kimmerly Greg and Charron Francis
Linesman : Steve Barton and Brad Kovachik
Game Notes
Danny DeKeiser is injured at 0:52 of 1st period (Head)
15:28 of 1st period - Little Stars goal is going for a video replay. After video review, Goal.
Peter Mannino enters game at 7:31 of 2nd period
12:14 of 2nd period - Mustangs goal is going for a video replay. After video review, No Goal. The puck has been kicked using a distinct kicking motion.
Finance
Level 1 -- Attendance: 1557 (77,85%) -- Ticket Income 46 710 $
Level 2 -- Attendance: 690 (69,00%) -- Ticket Income 13 800 $
Total Attendance: 2247 (74,90%)
Total Ticket Income: 60 510 $
Other Income: 3 026 $
Total Income: 63 536 $
Mustangs
5 vs 5 Forward
Center Left Wing Right Wing Time % Phy DF OF
1 Riley Armstrong Eric Wellwood Reilly Smith 40 0 2 3
2 Rick Schofield Ben Eager J.T. Wyman 30 0 2 3
3 Jim O'Brien Brandon Saad Jerome Samson 20 0 2 3
4 Riley Nash Joshua Leivo Francis Paré 10 0 2 3
5 vs 5 Defense
Defense Defense Time % Phy DF OF
1 Cameron Gaunce Eric Gryba 45 1 2 2
2 Denis Bodrov Mark Pysyk 33 1 2 2
3 Alexei Marchenko Scott Mayfield 22 1 2 2
4 Alexei Marchenko Scott Mayfield 0 1 2 2
PowerPlay Forward
Center Left Wing Right Wing Time % Phy DF OF
1 Riley Armstrong Eric Wellwood Reilly Smith 60 0 0 5
2 Rick Schofield Ben Eager J.T. Wyman 40 0 0 5
PowerPlay Defense
Defense Defense Time % Phy DF OF
1 Cameron Gaunce Eric Gryba 60 0 1 4
2 Denis Bodrov Mark Pysyk 40 0 1 4
Penalty Kill 4 Players Forward
Center Wing Time % Phy DF OF
1 Riley Armstrong Eric Wellwood 60 0 5 0
2 Rick Schofield J.T. Wyman 40 0 5 0
Penalty Kill 4 Players Defense
Defense Defense Time % Phy DF OF
1 Cameron Gaunce Eric Gryba 60 1 4 0
2 Denis Bodrov Mark Pysyk 40 1 4 0
Penalty Kill - 3 Players Forward
Forward Time % Phy DF OF
1 Eric Wellwood 60 0 5 0
2 Riley Armstrong 40 0 5 0
Penalty Kill - 3 Players Defense
Defense Defense Time % Phy DF OF
1 Cameron Gaunce Eric Gryba 60 1 4 0
2 Denis Bodrov Mark Pysyk 40 1 4 0
4 vs 4 Forward
Center Wing Time % Phy DF OF
1 Riley Armstrong Reilly Smith 60 0 1 4
2 Rick Schofield J.T. Wyman 40 0 1 4
4 vs 4 Defense
Defense Defense Time % Phy DF OF
1 Cameron Gaunce Eric Gryba 60 0 2 3
2 Denis Bodrov Mark Pysyk 40 0 2 3
Last Minutes Offensive
Center Left Wing Right Wing Defense Defense
Riley Armstrong Eric Wellwood Reilly Smith Cameron Gaunce Denis Bodrov
Last Minutes Defensive
Center Left Wing Right Wing Defense Defense
Rick Schofield Eric Wellwood J.T. Wyman Cameron Gaunce Denis Bodrov
Goaltenders
Starting : Chet Pickard
Backup : Peter Mannino
Extra Forwards
Normal : Riley Armstrong, Ben Eager, J.T. Wyman - PP : Brandon Saad, Eric Wellwood - PK : Eric Wellwood
Extra Defensemen
Normal : Cameron Gaunce, Alexei Marchenko, Scott Mayfield - PP : Alexei Marchenko - PK : Eric Gryba, Mark Pysyk
Penalty Shots
Brandon Saad, Reilly Smith, Ben Eager, Eric Wellwood, J.T. Wyman
Little Stars
5 vs 5 Forward
Center Left Wing Right Wing Time % Phy DF OF
1 Dana Tyrell Sean Avery Alex Chiasson 40 1 2 2
2 Brian Flynn Marcus Johansson Hugh Jessiman 30 1 2 2
3 Andrej Nestrasil Jesse Joensuu Tyler Randell 20 1 2 2
4 T.J. Tynan Alexander Vasyunov James Livingstone 10 1 2 2
5 vs 5 Defense
Defense Defense Time % Phy DF OF
1 Niklas Hjalmarsson Mathieu Roy 40 0 2 2
2 Raphael Diaz Danny DeKeiser 30 1 2 2
3 Tyson Barrie Conor Allen 20 1 2 2
4 Tyson Barrie Conor Allen 10 1 2 2
PowerPlay Forward
Center Left Wing Right Wing Time % Phy DF OF
1 Dana Tyrell Sean Avery Alex Chiasson 60 1 2 2
2 Brian Flynn Marcus Johansson Hugh Jessiman 40 1 2 2
PowerPlay Defense
Defense Defense Time % Phy DF OF
1 Niklas Hjalmarsson Mathieu Roy 60 1 2 2
2 Raphael Diaz Danny DeKeiser 40 1 2 2
Penalty Kill 4 Players Forward
Center Wing Time % Phy DF OF
1 Sean Avery Alex Chiasson 60 1 2 2
2 Marcus Johansson Hugh Jessiman 40 1 2 2
Penalty Kill 4 Players Defense
Defense Defense Time % Phy DF OF
1 Niklas Hjalmarsson Mathieu Roy 60 1 2 2
2 Raphael Diaz Danny DeKeiser 40 1 2 2
Penalty Kill - 3 Players Forward
Forward Time % Phy DF OF
1 Sean Avery 60 1 2 2
2 Alex Chiasson 40 1 2 2
Penalty Kill - 3 Players Defense
Defense Defense Time % Phy DF OF
1 Niklas Hjalmarsson Mathieu Roy 60 1 2 2
2 Raphael Diaz Danny DeKeiser 40 1 2 2
4 vs 4 Forward
Center Wing Time % Phy DF OF
1 Sean Avery Alex Chiasson 60 1 2 2
2 Marcus Johansson Hugh Jessiman 40 1 2 2
4 vs 4 Defense
Defense Defense Time % Phy DF OF
1 Niklas Hjalmarsson Mathieu Roy 60 1 2 2
2 Raphael Diaz Danny DeKeiser 40 1 2 2
Last Minutes Offensive
Center Left Wing Right Wing Defense Defense
Dana Tyrell Sean Avery Alex Chiasson Niklas Hjalmarsson Mathieu Roy
Last Minutes Defensive
Center Left Wing Right Wing Defense Defense
Dana Tyrell Sean Avery Alex Chiasson Niklas Hjalmarsson Mathieu Roy
Goaltenders
Starting : Peter Budaj
Backup : Laurent Brossoit
Extra Forwards
Normal : Oscar Lindberg, Jesse Joensuu, Tyler Randell - PP : Oscar Lindberg, Jesse Joensuu - PK : Tyler Randell
Extra Defensemen
Normal : Tyson Barrie, Conor Allen, Raphael Diaz - PP : Tyson Barrie - PK : Conor Allen, Raphael Diaz
Penalty Shots
Sean Avery, Alex Chiasson, Marcus Johansson, Hugh Jessiman, Dana Tyrell
% Time on Ice - Mustangs
Lines # - Real PCT - Wanted PCT - Time Play
Normal Forward
1 - 34% - 40% - 18:50
2 - 27% - 30% - 14:59
3 - 21% - 20% - 11:41
4 - 18% - 10% - 9:43
Normal Defense
1 - 41% - 45% - 22:26
2 - 35% - 33% - 19:36
3 - 24% - 22% - 13:06
4 - 0% - 0% - 0:05
PP Forward
1 - 100% - 60% - 0:02
2 - 0% - 40% - 0:00
PP Defense
1 - 100% - 60% - 0:02
2 - 0% - 40% - 0:00
PK Forward
1 - 65% - 60% - 3:06
2 - 35% - 40% - 1:39
PK Defense
1 - 52% - 60% - 2:27
2 - 48% - 40% - 2:18
PK3 Forward
1 - 0% - 60%
2 - 0% - 40%
PK3 Defense
1 - 0% - 60%
2 - 0% - 40%
44 Forward
1 - 0% - 60%
2 - 0% - 40%
44 Defense
1 - 0% - 60%
2 - 0% - 40%
Last Minute Offensive - 0:00
Last Minute Defensive - 0:00
Total
Forward - 60:00
Defense - 60:00
|
% Time on Ice - Little Stars
Lines # - Real PCT - Wanted PCT - Time Play
Normal Forward
1 - 33% - 40% - 18:16
2 - 27% - 30% - 15:06
3 - 22% - 20% - 12:25
4 - 17% - 10% - 9:26
Normal Defense
1 - 30% - 40% - 16:32
2 - 43% - 30% - 23:48
3 - 18% - 20% - 10:05
4 - 9% - 10% - 4:48
PP Forward
1 - 57% - 60% - 2:43
2 - 43% - 40% - 2:02
PP Defense
1 - 53% - 60% - 2:32
2 - 47% - 40% - 2:13
PK Forward
1 - 100% - 60% - 0:02
2 - 0% - 40% - 0:00
PK Defense
1 - 100% - 60% - 0:02
2 - 0% - 40% - 0:00
PK3 Forward
1 - 0% - 60%
2 - 0% - 40%
PK3 Defense
1 - 0% - 60%
2 - 0% - 40%
44 Forward
1 - 0% - 60%
2 - 0% - 40%
44 Defense
1 - 0% - 60%
2 - 0% - 40%
Last Minute Offensive - 0:00
Last Minute Defensive - 0:00
Total
Forward - 60:00
Defense - 60:00
|
Play by Play
1st period
0:01 of 1st period - Dana Tyrell wins face-off versus Riley Armstrong in neutral zone.
0:03 of 1st period - Off-side.
0:04 of 1st period - Dana Tyrell wins face-off versus Riley Armstrong in neutral zone.
0:07 of 1st period - Eric Gryba is hit by Sean Avery and loses puck.
0:19 of 1st period - Icing by Riley Armstrong.
0:20 of 1st period - Brian Flynn wins face-off versus Riley Armstrong in Mustangs zone.
0:23 of 1st period - Snap shot by Marcus Johansson.
0:23 of 1st period - Deflect By Hugh Jessiman.
0:23 of 1st period - Shot Misses the Net.
0:23 of 1st period - Puck is out of play.
0:24 of 1st period - Rick Schofield wins face-off versus Brian Flynn in Mustangs zone.
0:51 of 1st period - Danny DeKeiser is hit by Brandon Saad and loses puck.
0:52 of 1st period - Danny DeKeiser from Little Stars is injured at 0:52 of 1st period (Head).
0:53 of 1st period - T.J. Tynan wins face-off versus Riley Nash in Little Stars zone.
1:40 of 1st period - Snap shot by Rick Schofield.
1:40 of 1st period - Shot Misses the Net.
1:42 of 1st period - Slapshot by Mark Pysyk.
1:42 of 1st period - Shot Misses the Net.
1:44 of 1st period - Snap shot by Rick Schofield.
1:44 of 1st period - Deflect By J.T. Wyman.
1:44 of 1st period - Goal by J.T. Wyman - Mustangs : 1 - Little Stars : 0.
1:45 of 1st period - Riley Armstrong wins face-off versus Hugh Jessiman in neutral zone.
2:00 of 1st period - Slapshot by Reilly Smith.
2:00 of 1st period - Stopped by Peter Budaj with a rebound.
2:17 of 1st period - Snap shot by Sean Avery.
2:17 of 1st period - Shot Misses the Net.
2:19 of 1st period - Snap shot by Alex Chiasson.
2:19 of 1st period - Shot Misses the Net.
2:21 of 1st period - Slapshot by Sean Avery.
2:21 of 1st period - Goal by Sean Avery - Mustangs : 1 - Little Stars : 1.
2:22 of 1st period - Riley Armstrong wins face-off versus Andrej Nestrasil in neutral zone.
2:31 of 1st period - Wrist shot by Jesse Joensuu.
2:31 of 1st period - Shot Misses the Net.
2:56 of 1st period - Denis Bodrov is hit by Sean Avery and loses puck.
3:13 of 1st period - Wrist shot by J.T. Wyman.
3:13 of 1st period - Shot Blocked by Raphael Diaz.
3:16 of 1st period - Icing by Mathieu Roy.
3:17 of 1st period - Riley Armstrong wins face-off versus Brian Flynn in Little Stars zone.
3:18 of 1st period - Snap shot by Reilly Smith.
3:18 of 1st period - Shot Misses the Net.
3:30 of 1st period - Snap shot by Reilly Smith.
3:30 of 1st period - Shot Blocked by Raphael Diaz.
3:45 of 1st period - Icing by Marcus Johansson.
3:46 of 1st period - Rick Schofield wins face-off versus Dana Tyrell in Little Stars zone.
4:23 of 1st period - Snap shot by Sean Avery.
4:23 of 1st period - Stopped by Chet Pickard without a rebound.
4:24 of 1st period - Andrej Nestrasil wins face-off versus Riley Armstrong in Mustangs zone.
4:49 of 1st period - Alexander Vasyunov is hit by Riley Nash and loses puck.
5:18 of 1st period - Backhand shot by Brandon Saad.
5:18 of 1st period - Deflect By Hugh Jessiman.
5:18 of 1st period - Stopped by Peter Budaj without a rebound.
5:19 of 1st period - Reilly Smith wins face-off versus Sean Avery in Little Stars zone.
5:22 of 1st period - Snap shot by Riley Armstrong.
5:22 of 1st period - Stopped by Peter Budaj with a rebound.
5:24 of 1st period - Snap shot by Eric Gryba.
5:24 of 1st period - Shot Misses the Net.
5:26 of 1st period - Slapshot by Eric Gryba.
5:26 of 1st period - Shot Blocked by Mathieu Roy.
5:53 of 1st period - Wrist shot by Jesse Joensuu.
5:53 of 1st period - Stopped by Chet Pickard without a rebound.
5:54 of 1st period - Riley Armstrong wins face-off versus Brian Flynn in Mustangs zone.
5:59 of 1st period - Raphael Diaz is hit by Mark Pysyk and loses puck.
6:16 of 1st period - Minor Penalty to Riley Armstrong for Hooking.
6:17 of 1st period - Dana Tyrell wins face-off versus Jim O'Brien in Mustangs zone.
6:30 of 1st period - Snap shot by Sean Avery.
6:30 of 1st period - Goal by Sean Avery - Mustangs : 1 - Little Stars : 2.
6:31 of 1st period - Rick Schofield wins face-off versus Dana Tyrell in neutral zone.
6:42 of 1st period - Snap shot by Alex Chiasson.
6:42 of 1st period - Deflect By Sean Avery.
6:42 of 1st period - Shot Misses the Net.
6:42 of 1st period - Puck is out of play.
6:43 of 1st period - Andrej Nestrasil wins face-off versus Riley Armstrong in Mustangs zone.
7:08 of 1st period - Snap shot by Francis Paré.
7:08 of 1st period - Stopped by Peter Budaj without a rebound.
7:09 of 1st period - Riley Nash wins face-off versus Dana Tyrell in Little Stars zone.
7:10 of 1st period - Wrist shot by Francis Paré.
7:10 of 1st period - Stopped by Peter Budaj with a rebound.
7:16 of 1st period - Snap shot by Francis Paré.
7:16 of 1st period - Stopped by Peter Budaj with a rebound.
7:22 of 1st period - Slapshot by Alex Chiasson.
7:22 of 1st period - Deflect By Sean Avery.
7:22 of 1st period - Shot Misses the Net.
7:22 of 1st period - Puck is out of play.
7:23 of 1st period - Brian Flynn wins face-off versus Rick Schofield in Mustangs zone.
7:36 of 1st period - Snap shot by Hugh Jessiman.
7:36 of 1st period - Stopped by Chet Pickard with a rebound.
7:44 of 1st period - Double Minor Penalty to Rick Schofield for High sticking.
7:45 of 1st period - Riley Armstrong wins face-off versus Dana Tyrell in Mustangs zone.
7:45 of 1st period - Riley Armstrong is hit by Sean Avery.
8:23 of 1st period - Wrist shot by Hugh Jessiman.
8:23 of 1st period - Shot Misses the Net.
10:00 of 1st period - Eric Wellwood is hit by Tyler Randell and loses puck.
10:19 of 1st period - Eric Gryba is hit by Marcus Johansson and loses puck.
11:04 of 1st period - Slapshot by Tyler Randell.
11:04 of 1st period - Stopped by Chet Pickard with a rebound.
11:44 of 1st period - Penalty to Rick Schofield is over, Rick Schofield is back on ice.
11:53 of 1st period - Andrej Nestrasil is hit by Jim O'Brien and loses puck.
12:13 of 1st period - Slapshot by Ben Eager.
12:13 of 1st period - Shot Blocked by Tyler Randell.
12:31 of 1st period - Jerome Samson is hit by Mathieu Roy and loses puck.
13:32 of 1st period - Francis Paré is hit by Sean Avery and loses puck.
13:49 of 1st period - Rick Schofield is hit by Jesse Joensuu and loses puck.
14:35 of 1st period - Reilly Smith is hit by Jesse Joensuu and loses puck.
15:07 of 1st period - Dana Tyrell is hit by Cameron Gaunce and loses puck.
15:17 of 1st period - Off-side.
15:18 of 1st period - Riley Nash wins face-off versus Brian Flynn in neutral zone.
15:26 of 1st period - Slapshot by Tyson Barrie.
15:26 of 1st period - Shot Misses the Net.
15:28 of 1st period - Snap shot by Marcus Johansson.
15:28 of 1st period - Little Stars goal is going for a video replay.
15:28 of 1st period - The goal is good.
15:28 of 1st period - Goal by Marcus Johansson - Mustangs : 1 - Little Stars : 3.
15:29 of 1st period - Riley Armstrong wins face-off versus Dana Tyrell in neutral zone.
15:34 of 1st period - Snap shot by Reilly Smith.
15:34 of 1st period - Shot Blocked by Conor Allen.
16:15 of 1st period - Slapshot by Tyson Barrie.
16:15 of 1st period - Shot Misses the Net.
16:23 of 1st period - Conor Allen is hit by Jerome Samson and loses puck.
16:38 of 1st period - Snap shot by Francis Paré.
16:38 of 1st period - Deflect By Joshua Leivo.
16:38 of 1st period - Stopped by Peter Budaj with a rebound.
16:40 of 1st period - Backhand shot by Alexei Marchenko.
16:40 of 1st period - Stopped by Peter Budaj without a rebound.
16:41 of 1st period - Riley Armstrong wins face-off versus Sean Avery in Little Stars zone.
16:42 of 1st period - Wrist shot by Reilly Smith.
16:42 of 1st period - Stopped by Peter Budaj without a rebound.
16:43 of 1st period - Dana Tyrell wins face-off versus Riley Armstrong in Little Stars zone.
17:09 of 1st period - Wrist shot by Hugh Jessiman.
17:09 of 1st period - Stopped by Chet Pickard with a rebound.
17:11 of 1st period - Slapshot by Mathieu Roy.
17:11 of 1st period - Shot Blocked by Eric Gryba.
17:31 of 1st period - Snap shot by Brandon Saad.
17:31 of 1st period - Stopped by Peter Budaj with a rebound.
17:35 of 1st period - Backhand shot by Riley Nash.
17:35 of 1st period - Shot Misses the Net.
18:02 of 1st period - Wrist shot by Jerome Samson.
18:02 of 1st period - Stopped by Peter Budaj with a rebound.
18:19 of 1st period - Denis Bodrov is hit by Sean Avery and loses puck.
18:38 of 1st period - Marcus Johansson is hit by J.T. Wyman and loses puck.
18:51 of 1st period - Snap shot by Francis Paré.
18:51 of 1st period - Stopped by Peter Budaj with a rebound.
18:57 of 1st period - Slapshot by Niklas Hjalmarsson.
18:57 of 1st period - Deflect By Tyler Randell.
18:57 of 1st period - Shot Blocked by Riley Nash.
18:57 of 1st period - Puck is out of play.
18:58 of 1st period - Riley Nash wins face-off versus Sean Avery in Mustangs zone.
19:25 of 1st period - Eric Gryba is hit by Marcus Johansson.
19:29 of 1st period - Reilly Smith is hit by Marcus Johansson and loses puck.
19:48 of 1st period - J.T. Wyman is hit by Conor Allen and loses puck.
Goals for this period are 1 for Mustangs vs 3 for Little Stars.
Shots for this period are 13 for Mustangs vs 8 for Little Stars.
2nd period
0:01 of 2nd period - Alex Chiasson wins face-off versus Riley Armstrong in neutral zone.
0:06 of 2nd period - Snap shot by Dana Tyrell.
0:06 of 2nd period - Shot Blocked by Cameron Gaunce.
0:08 of 2nd period - Snap shot by Dana Tyrell.
0:08 of 2nd period - Stopped by Chet Pickard with a rebound.
0:10 of 2nd period - Snap shot by Sean Avery.
0:10 of 2nd period - Shot Misses the Net.
0:12 of 2nd period - Slapshot by Alex Chiasson.
0:12 of 2nd period - Shot Misses the Net.
0:31 of 2nd period - Snap shot by Marcus Johansson.
0:31 of 2nd period - Stopped by Chet Pickard without a rebound.
0:32 of 2nd period - Brian Flynn wins face-off versus Rick Schofield in Mustangs zone.
0:40 of 2nd period - Icing by Denis Bodrov.
0:41 of 2nd period - Rick Schofield wins face-off versus Brian Flynn in Mustangs zone.
0:45 of 2nd period - Mark Pysyk is hit by Brian Flynn and loses puck.
0:48 of 2nd period - Wrist shot by J.T. Wyman.
0:48 of 2nd period - Shot Blocked by Tyson Barrie.
0:50 of 2nd period - Slapshot by Rick Schofield.
0:50 of 2nd period - Shot Blocked by Conor Allen.
0:56 of 2nd period - Snap shot by Ben Eager.
0:56 of 2nd period - Stopped by Peter Budaj without a rebound.
0:57 of 2nd period - Dana Tyrell wins face-off versus Riley Armstrong in Little Stars zone.
1:41 of 2nd period - Slapshot by Riley Armstrong.
1:41 of 2nd period - Stopped by Peter Budaj without a rebound.
1:42 of 2nd period - Dana Tyrell wins face-off versus Rick Schofield in Little Stars zone.
2:07 of 2nd period - Eric Gryba is hit by Marcus Johansson and loses puck.
2:53 of 2nd period - Jesse Joensuu is hit by Scott Mayfield and loses puck.
3:08 of 2nd period - Wrist shot by Alex Chiasson.
3:08 of 2nd period - Stopped by Chet Pickard with a rebound.
3:24 of 2nd period - Slapshot by Mathieu Roy.
3:24 of 2nd period - Shot Blocked by Cameron Gaunce.
3:44 of 2nd period - Wrist shot by Alexander Vasyunov.
3:44 of 2nd period - Shot Misses the Net.
3:46 of 2nd period - Slapshot by Tyson Barrie.
3:46 of 2nd period - Shot Misses the Net.
3:48 of 2nd period - Snap shot by Tyson Barrie.
3:48 of 2nd period - Stopped by Chet Pickard with a rebound.
3:50 of 2nd period - Snap shot by Conor Allen.
3:50 of 2nd period - Deflect By J.T. Wyman.
3:50 of 2nd period - Stopped by Chet Pickard without a rebound.
3:51 of 2nd period - Dana Tyrell wins face-off versus Riley Armstrong in Mustangs zone.
4:44 of 2nd period - Snap shot by Alexander Vasyunov.
4:44 of 2nd period - Shot Blocked by Denis Bodrov.
4:46 of 2nd period - Slapshot by Alexander Vasyunov.
4:46 of 2nd period - Stopped by Chet Pickard with a rebound.
4:50 of 2nd period - Slapshot by Alexander Vasyunov.
4:50 of 2nd period - Shot Misses the Net.
5:00 of 2nd period - Rick Schofield is hit by Alex Chiasson and loses puck.
5:07 of 2nd period - Snap shot by Sean Avery.
5:07 of 2nd period - Deflect By Dana Tyrell.
5:07 of 2nd period - Shot Misses the Net.
5:07 of 2nd period - Puck is out of play.
5:08 of 2nd period - Riley Armstrong wins face-off versus Brian Flynn in Mustangs zone.
5:08 of 2nd period - Riley Armstrong is hit by Marcus Johansson.
5:34 of 2nd period - Backhand shot by Riley Armstrong.
5:34 of 2nd period - Stopped by Peter Budaj with a rebound.
5:36 of 2nd period - Slapshot by Cameron Gaunce.
5:36 of 2nd period - Shot Blocked by Conor Allen.
5:38 of 2nd period - Slapshot by Cameron Gaunce.
5:38 of 2nd period - Shot Misses the Net.
5:42 of 2nd period - Snap shot by Jim O'Brien.
5:42 of 2nd period - Stopped by Peter Budaj without a rebound.
5:43 of 2nd period - Sean Avery wins face-off versus Jim O'Brien in Little Stars zone.
6:07 of 2nd period - Reilly Smith is hit by Marcus Johansson.
6:30 of 2nd period - Icing by Tyson Barrie.
6:31 of 2nd period - Andrej Nestrasil wins face-off versus Riley Nash in Little Stars zone.
6:31 of 2nd period - Andrej Nestrasil is hit by Riley Nash.
6:37 of 2nd period - Backhand shot by Jesse Joensuu.
6:37 of 2nd period - Stopped by Chet Pickard without a rebound.
6:38 of 2nd period - Dana Tyrell wins face-off versus Reilly Smith in Mustangs zone.
6:53 of 2nd period - Slapshot by Mathieu Roy.
6:53 of 2nd period - Stopped by Chet Pickard with a rebound.
6:59 of 2nd period - Minor Penalty to Riley Armstrong for Hooking.
7:00 of 2nd period - Dana Tyrell wins face-off versus Jim O'Brien in Mustangs zone.
7:29 of 2nd period - Slapshot by Marcus Johansson.
7:29 of 2nd period - Shot Misses the Net.
7:31 of 2nd period - Snap shot by Marcus Johansson.
7:31 of 2nd period - Goal by Marcus Johansson - Mustangs : 1 - Little Stars : 4.
7:31 of 2nd period - Peter Mannino enters game.
7:32 of 2nd period - Dana Tyrell wins face-off versus Riley Armstrong in neutral zone.
7:35 of 2nd period - Slapshot by Sean Avery.
7:35 of 2nd period - Stopped by Peter Mannino without a rebound.
7:36 of 2nd period - Dana Tyrell wins face-off versus Riley Armstrong in Mustangs zone.
8:25 of 2nd period - Slapshot by Niklas Hjalmarsson.
8:25 of 2nd period - Shot Hit the Post.
8:27 of 2nd period - Wrist shot by Jesse Joensuu.
8:27 of 2nd period - Shot Hit the Post.
8:29 of 2nd period - Slapshot by Mathieu Roy.
8:29 of 2nd period - Stopped by Peter Mannino with a rebound.
8:31 of 2nd period - Snap shot by Jesse Joensuu.
8:31 of 2nd period - Shot Misses the Net.
9:06 of 2nd period - Off-side.
9:07 of 2nd period - Dana Tyrell wins face-off versus Riley Armstrong in neutral zone.
9:14 of 2nd period - Slapshot by Sean Avery.
9:14 of 2nd period - Stopped by Peter Mannino with a rebound.
9:20 of 2nd period - Dana Tyrell is hit by Cameron Gaunce and loses puck.
9:33 of 2nd period - Dana Tyrell is hit by Jerome Samson and loses puck.
9:52 of 2nd period - Minor Penalty to Dana Tyrell for Hooking.
9:53 of 2nd period - Riley Armstrong wins face-off versus Sean Avery in Little Stars zone.
9:54 of 2nd period - Slapshot by Eric Wellwood.
9:54 of 2nd period - Goal by Eric Wellwood - Mustangs : 2 - Little Stars : 4.
9:55 of 2nd period - Dana Tyrell wins face-off versus Riley Armstrong in neutral zone.
10:32 of 2nd period - Slapshot by Niklas Hjalmarsson.
10:32 of 2nd period - Deflect By J.T. Wyman.
10:32 of 2nd period - Stopped by Peter Mannino without a rebound.
10:33 of 2nd period - Riley Armstrong wins face-off versus Andrej Nestrasil in Mustangs zone.
11:00 of 2nd period - Mark Pysyk is hit by Tyson Barrie and loses puck.
11:47 of 2nd period - Alexander Vasyunov is hit by Alexei Marchenko and loses puck.
12:00 of 2nd period - Slapshot by Mathieu Roy.
12:00 of 2nd period - Stopped by Peter Mannino without a rebound.
12:01 of 2nd period - Riley Armstrong wins face-off versus Andrej Nestrasil in Mustangs zone.
12:10 of 2nd period - Slapshot by Riley Armstrong.
12:10 of 2nd period - Stopped by Peter Budaj with a rebound.
12:12 of 2nd period - Wrist shot by Eric Wellwood.
12:12 of 2nd period - Shot Blocked by Conor Allen.
12:14 of 2nd period - Wrist shot by Reilly Smith.
12:14 of 2nd period - Mustangs goal is going for a video replay.
12:14 of 2nd period - The goal is refused. The puck has been kicked using a distinct kicking motion..
12:15 of 2nd period - Riley Armstrong wins face-off versus Dana Tyrell in Little Stars zone.
12:16 of 2nd period - Wrist shot by Reilly Smith.
12:16 of 2nd period - Stopped by Peter Budaj without a rebound.
12:17 of 2nd period - Riley Armstrong wins face-off versus Dana Tyrell in Little Stars zone.
12:24 of 2nd period - Snap shot by Eric Wellwood.
12:24 of 2nd period - Stopped by Peter Budaj with a rebound.
12:26 of 2nd period - Snap shot by Reilly Smith.
12:26 of 2nd period - Goal by Reilly Smith - Mustangs : 3 - Little Stars : 4.
12:27 of 2nd period - Riley Armstrong wins face-off versus Dana Tyrell in neutral zone.
12:38 of 2nd period - Wrist shot by Alex Chiasson.
12:38 of 2nd period - Stopped by Peter Mannino with a rebound.
12:40 of 2nd period - Slapshot by Niklas Hjalmarsson.
12:40 of 2nd period - Goal by Niklas Hjalmarsson - Mustangs : 3 - Little Stars : 5.
12:41 of 2nd period - Dana Tyrell wins face-off versus Riley Armstrong in neutral zone.
13:15 of 2nd period - Slapshot by Eric Gryba.
13:15 of 2nd period - Shot Misses the Net.
13:17 of 2nd period - Slapshot by Cameron Gaunce.
13:17 of 2nd period - Deflect By Hugh Jessiman.
13:17 of 2nd period - Stopped by Peter Budaj without a rebound.
13:18 of 2nd period - Brian Flynn wins face-off versus Rick Schofield in Little Stars zone.
13:18 of 2nd period - Brian Flynn is hit by J.T. Wyman.
13:26 of 2nd period - Wrist shot by Brian Flynn.
13:26 of 2nd period - Shot Misses the Net.
13:49 of 2nd period - Snap shot by Mathieu Roy.
13:49 of 2nd period - Stopped by Peter Mannino without a rebound.
13:50 of 2nd period - Riley Armstrong wins face-off versus Alex Chiasson in Mustangs zone.
14:06 of 2nd period - Icing by Mathieu Roy.
14:07 of 2nd period - Rick Schofield wins face-off versus Dana Tyrell in Little Stars zone.
14:57 of 2nd period - Wrist shot by Brian Flynn.
14:57 of 2nd period - Shot Blocked by Denis Bodrov.
15:01 of 2nd period - Snap shot by Marcus Johansson.
15:01 of 2nd period - Stopped by Peter Mannino with a rebound.
15:03 of 2nd period - Slapshot by Hugh Jessiman.
15:03 of 2nd period - Shot Misses the Net.
15:05 of 2nd period - Snap shot by Brian Flynn.
15:05 of 2nd period - Stopped by Peter Mannino with a rebound.
15:43 of 2nd period - Off-side.
15:44 of 2nd period - Rick Schofield wins face-off versus Jesse Joensuu in neutral zone.
15:58 of 2nd period - Slapshot by Raphael Diaz.
15:58 of 2nd period - Shot Blocked by Ben Eager.
16:00 of 2nd period - Slapshot by Conor Allen.
16:00 of 2nd period - Deflect By Jesse Joensuu.
16:00 of 2nd period - Shot Misses the Net.
16:00 of 2nd period - Puck is out of play.
16:01 of 2nd period - Alex Chiasson wins face-off versus Riley Armstrong in Mustangs zone.
16:04 of 2nd period - Wrist shot by Sean Avery.
16:04 of 2nd period - Shot Misses the Net.
16:12 of 2nd period - Wrist shot by Riley Armstrong.
16:12 of 2nd period - Shot Misses the Net.
16:14 of 2nd period - Slapshot by Eric Gryba.
16:14 of 2nd period - Stopped by Peter Budaj with a rebound.
16:16 of 2nd period - Snap shot by Eric Wellwood.
16:16 of 2nd period - Shot Blocked by Dana Tyrell.
17:19 of 2nd period - Snap shot by Alexander Vasyunov.
17:19 of 2nd period - Stopped by Peter Mannino with a rebound.
17:21 of 2nd period - Snap shot by Niklas Hjalmarsson.
17:21 of 2nd period - Stopped by Peter Mannino with a rebound.
17:33 of 2nd period - Snap shot by Dana Tyrell.
17:33 of 2nd period - Shot Misses the Net.
17:35 of 2nd period - Snap shot by Conor Allen.
17:35 of 2nd period - Stopped by Peter Mannino with a rebound.
17:43 of 2nd period - Snap shot by Alex Chiasson.
17:43 of 2nd period - Shot Hit the Post.
17:53 of 2nd period - Ben Eager is hit by Raphael Diaz and loses puck.
18:38 of 2nd period - Off-side.
18:39 of 2nd period - Dana Tyrell wins face-off versus Riley Armstrong in neutral zone.
19:06 of 2nd period - Brian Flynn is hit by Rick Schofield and loses puck.
19:38 of 2nd period - Slapshot by Cameron Gaunce.
19:38 of 2nd period - Shot Blocked by Tyson Barrie.
19:56 of 2nd period - Cameron Gaunce is hit by Raphael Diaz and loses puck.
Goals for this period are 2 for Mustangs vs 2 for Little Stars.
Shots for this period are 12 for Mustangs vs 22 for Little Stars.
3rd period
0:01 of 3rd period - Dana Tyrell wins face-off versus Riley Armstrong in neutral zone.
0:10 of 3rd period - Riley Armstrong is hit by Niklas Hjalmarsson and loses puck.
0:15 of 3rd period - Wrist shot by Alex Chiasson.
0:15 of 3rd period - Stopped by Peter Mannino with a rebound.
0:56 of 3rd period - Slapshot by James Livingstone.
0:56 of 3rd period - Shot Misses the Net.
1:39 of 3rd period - Slapshot by Raphael Diaz.
1:39 of 3rd period - Stopped by Peter Mannino with a rebound.
1:41 of 3rd period - Wrist shot by Alex Chiasson.
1:41 of 3rd period - Shot Misses the Net.
1:57 of 3rd period - Slapshot by Mark Pysyk.
1:57 of 3rd period - Stopped by Peter Budaj with a rebound.
2:26 of 3rd period - Brandon Saad is hit by James Livingstone and loses puck.
3:00 of 3rd period - Riley Armstrong is hit by Tyler Randell and loses puck.
3:07 of 3rd period - Wrist shot by Andrej Nestrasil.
3:07 of 3rd period - Shot Misses the Net.
3:24 of 3rd period - Raphael Diaz is hit by Rick Schofield and loses puck.
4:44 of 3rd period - J.T. Wyman is hit by Hugh Jessiman and loses puck.
6:09 of 3rd period - Niklas Hjalmarsson is hit by J.T. Wyman and loses puck.
6:26 of 3rd period - Conor Allen is hit by Jerome Samson and loses puck.
6:44 of 3rd period - Jerome Samson is hit by Andrej Nestrasil and loses puck.
6:59 of 3rd period - Conor Allen is hit by Eric Gryba and loses puck.
7:43 of 3rd period - J.T. Wyman is hit by Alexander Vasyunov and loses puck.
7:54 of 3rd period - Alexei Marchenko is hit by Andrej Nestrasil and loses puck.
8:07 of 3rd period - Tyson Barrie is hit by Denis Bodrov.
8:49 of 3rd period - Denis Bodrov is hit by Raphael Diaz and loses puck.
8:54 of 3rd period - Wrist shot by James Livingstone.
8:54 of 3rd period - Shot Blocked by Ben Eager.
8:56 of 3rd period - Wrist shot by Alexander Vasyunov.
8:56 of 3rd period - Stopped by Peter Mannino with a rebound.
9:10 of 3rd period - Slapshot by Riley Armstrong.
9:10 of 3rd period - Stopped by Peter Budaj with a rebound.
9:12 of 3rd period - Slapshot by Mark Pysyk.
9:12 of 3rd period - Stopped by Peter Budaj without a rebound.
9:13 of 3rd period - Dana Tyrell wins face-off versus Reilly Smith in Little Stars zone.
9:36 of 3rd period - Icing by Reilly Smith.
9:37 of 3rd period - T.J. Tynan wins face-off versus J.T. Wyman in Mustangs zone.
9:42 of 3rd period - Slapshot by Tyson Barrie.
9:42 of 3rd period - Stopped by Peter Mannino with a rebound.
9:44 of 3rd period - Slapshot by Tyson Barrie.
9:44 of 3rd period - Stopped by Peter Mannino without a rebound.
9:45 of 3rd period - Riley Armstrong wins face-off versus Dana Tyrell in Mustangs zone.
9:45 of 3rd period - Riley Armstrong is hit by Alex Chiasson.
10:11 of 3rd period - Conor Allen is hit by Jim O'Brien and loses puck.
10:18 of 3rd period - Wrist shot by Jim O'Brien.
10:18 of 3rd period - Shot Blocked by Conor Allen.
10:20 of 3rd period - Slapshot by Denis Bodrov.
10:20 of 3rd period - Shot Blocked by Sean Avery.
10:34 of 3rd period - Slapshot by Tyson Barrie.
10:34 of 3rd period - Deflect By Hugh Jessiman.
10:34 of 3rd period - Stopped by Peter Mannino with a rebound.
10:58 of 3rd period - Slapshot by Tyson Barrie.
10:58 of 3rd period - Stopped by Peter Mannino without a rebound.
10:59 of 3rd period - Jesse Joensuu wins face-off versus Riley Armstrong in Mustangs zone.
10:59 of 3rd period - Mathieu Roy is hit by Riley Armstrong.
11:42 of 3rd period - Eric Gryba is hit by T.J. Tynan and loses puck.
12:37 of 3rd period - Snap shot by Brian Flynn.
12:37 of 3rd period - Stopped by Peter Mannino with a rebound.
14:06 of 3rd period - Snap shot by Marcus Johansson.
14:06 of 3rd period - Shot Blocked by Ben Eager.
14:12 of 3rd period - J.T. Wyman is hit by Marcus Johansson and loses puck.
14:25 of 3rd period - Alexei Marchenko is hit by Dana Tyrell and loses puck.
14:32 of 3rd period - Snap shot by Sean Avery.
14:32 of 3rd period - Shot Blocked by Alexei Marchenko.
14:50 of 3rd period - Denis Bodrov is hit by T.J. Tynan and loses puck.
15:13 of 3rd period - Mark Pysyk is hit by Hugh Jessiman and loses puck.
15:34 of 3rd period - Wrist shot by Jerome Samson.
15:34 of 3rd period - Shot Misses the Net.
15:36 of 3rd period - Backhand shot by Jim O'Brien.
15:36 of 3rd period - Stopped by Peter Budaj without a rebound.
15:37 of 3rd period - Brian Flynn wins face-off versus Jim O'Brien in Little Stars zone.
16:33 of 3rd period - Cameron Gaunce is hit by Conor Allen and loses puck.
16:50 of 3rd period - J.T. Wyman is hit by Tyson Barrie and loses puck.
17:07 of 3rd period - Slapshot by Eric Gryba.
17:07 of 3rd period - Stopped by Peter Budaj without a rebound.
17:08 of 3rd period - Riley Nash wins face-off versus T.J. Tynan in Little Stars zone.
17:11 of 3rd period - Snap shot by Francis Paré.
17:11 of 3rd period - Shot Misses the Net.
17:17 of 3rd period - Denis Bodrov is hit by Alexander Vasyunov and loses puck.
17:42 of 3rd period - Wrist shot by Alexander Vasyunov.
17:42 of 3rd period - Shot Misses the Net.
17:44 of 3rd period - Slapshot by Tyson Barrie.
17:44 of 3rd period - Stopped by Peter Mannino without a rebound.
17:45 of 3rd period - Jim O'Brien wins face-off versus Andrej Nestrasil in Mustangs zone.
18:20 of 3rd period - Wrist shot by Ben Eager.
18:20 of 3rd period - Stopped by Peter Budaj with a rebound.
18:43 of 3rd period - Wrist shot by Jesse Joensuu.
18:43 of 3rd period - Shot Hit the Post.
18:49 of 3rd period - Raphael Diaz is hit by Eric Wellwood and loses puck.
19:25 of 3rd period - Off-side.
19:26 of 3rd period - Brian Flynn wins face-off versus Ben Eager in neutral zone.
Goals for this period are 0 for Mustangs vs 0 for Little Stars.
Shots for this period are 6 for Mustangs vs 9 for Little Stars.
Back to the Top